Cogmind - Beta 16 @@@ ROGUE MODE // 2026.01.06 @ 15:46:46 Player: Vimes Result: Destroyed by Y-45 Defender with Heavy Assault Rifle Performance ------------- Evolutions (2) 1000 Regions Visited (4) 800 Robots Destroyed (31) 155 Value Destroyed (803) 803 Prototype IDs (1) 20 Alien Tech Used (0) 0 Bonus (0) 0 TOTAL SCORE: 2778 Bonus ------- None Cogmind --------- Core Integrity 0/550 Matter 97/300 Energy 100/100 System Corruption 10% Temperature Cool (9) Movement Treading (385) Ox3 Location -8/Storage Parts ------- > --- POWER (1) -------- (None) > --- PROPULSION (2) --- Advanced Treads > --- UTILITY (5) ------ Huge Storage Unit Trap Scanner Signal Interpreter Targeting Computer Improved Targeting Computer > --- WEAPON (3) ------- Faulty Advanced EMP Blaster > --- INVENTORY (25) --- Small Storage Unit Improved Signal Interpreter Peak State ------------ > --- POWER ------------ Light Nuclear Core > --- PROPULSION ------- Advanced Treads Advanced Treads > --- UTILITY ---------- Huge Storage Unit Trap Scanner Signal Interpreter Targeting Computer Improved Targeting Computer > --- WEAPON ----------- Minigun Advanced EMP Blaster Heavy Hammer > --- INVENTORY -------- Advanced Treads Advanced Treads Small Storage Unit Improved Signal Interpreter Shock Rifle Heavy Particle Cannon Minigun Flak Cannon Advanced EMP Blaster [Rating: 28] Favorites ----------- Power Ion Engine Engine Ion Engine Power Core Light Nuclear Core Propulsion Advanced Treads Treads Advanced Treads Leg Aluminum Leg Wheel Compact Wheel Utility Improved Targeting Computer Device Sensor Array Storage Small Storage Unit Processor Improved Targeting Computer Protection Reflective Plating Weapon Heavy Hammer Energy Gun EM Pulse Gun Energy Cannon Beam Cannon Ballistic Gun Minigun Ballistic Cannon Flak Cannon Launcher Grenade Launcher Impact Weapon Heavy Hammer Build | -11 -10 -9 -8 -8 ------- Run | Yrd Mat Mat Mat Sto Slots Evolved 4 | . . 2 2 . Power . | . . . . . Propulsion . | . . . . . Utility 3 | . . 1 2 . Weapon 1 | . . 1 . . Parts Attached 35 | 7 6 6 6 10 Power 3 | 1 . . 2 . Engine 2 | 1 . . 1 . Core 1 | . . . 1 . Reactor . | . . . . . Propulsion 9 | 3 2 2 . 2 Treads 6 | . 2 2 . 2 Leg 1 | 1 . . . . Wheel 2 | 2 . . . . Hover . | . . . . . Flight . | . . . . . Utility 10 | 1 2 2 3 2 Device 2 | . . . 1 1 Storage 3 | 1 . 1 1 . Processor 3 | . 1 . 1 1 Hackware . | . . . . . Protection 2 | . 1 1 . . Artifact . | . . . . . Weapon 13 | 2 2 2 1 6 Energy Gun 3 | 1 1 . . 1 Energy Cannon 2 | . . 1 . 1 Ballistic Gun 3 | 1 . . 1 1 Ballistic Cannon 1 | . . . . 1 Launcher 3 | . 1 . . 2 Special Weapon . | . . . . . Impact Weapon 1 | . . 1 . . Slashing Weapon . | . . . . . Piercing Weapon . | . . . . . Special Melee Weapon . | . . . . . Unidentified Prototypes 1 | . . . . 1 Parts Lost 16 | . . . 5 11 Power 2 | . . . 1 1 Propulsion 3 | . . . . 3 Utility 2 | . . . 2 . Weapon 9 | . . . 2 7 Highest Loss Streak 11 | . . . 3 11 To Critical Strikes . | . . . . . Average Backups 7 | 3 7 7 7 7 Power . | . 1 1 . . Propulsion 2 | 2 3 1 2 1 Utility . | . . . . 1 Weapon 3 | 1 2 3 4 4 Tool/Special . | . . . . . Unused Backups 6 | . 1 4 . 1 Power . | . . . . . Propulsion 1 | . . 1 . . Utility 2 | . . 1 . 1 Weapon 3 | . 1 2 . . Tool/Special . | . . . . . Average Slot Usage (%) 89 | . 97 99 84 80 Engine 6 | . 14 11 2 . Core 2 | . . . 2 7 Treads 16 | . 7 22 18 16 Wheel 3 | . 20 . . . Device 3 | . . . 8 3 Storage 11 | . 14 16 9 9 Processor 14 | . 4 11 17 21 Protection 3 | . 8 5 2 . Energy Gun 3 | . 13 2 . . Energy Cannon 3 | . . 10 2 . Ballistic Gun 4 | . . . 6 8 Launcher 8 | . 13 11 6 5 Impact Weapon 6 | . . 8 9 7 Peak Build Rating 28 | 6 10 19 21 28 Average Rating 16 | 3 7 13 19 22 On Entrance 10 | . 6 10 18 20 Avg Prop Armor Cover (%) 11 | 11 . . . . Naked Turns . | . . . . . Heaviest Build 99 | 13 16 24 92 99 Greatest Support 44 | 26 40 44 44 44 Greatest Overweight (x) 32 | . . . 2 32 Average Overweight (x) . | . . . . 2 Largest Inventory Capacity 25 | 8 8 8 25 25 Average Capacity 15 | 7 8 8 19 25 Most Carried 10 | 8 8 8 10 10 Average Carried 7 | 3 7 7 7 7 Final Capacity 25 | 8 8 8 25 25 Final Carried 9 | 6 8 8 9 2 Class Distribution -------------------- 94% | Mutant 5% | Bomber Dominant Class ---------------- Mutant | -10/Materials Mutant | -9/Materials Mutant | -8/Materials Mutant | -8/Storage Resources | -11 -10 -9 -8 -8 ----------- Run | Yrd Mat Mat Mat Sto Matter Collected 639 | 150 138 222 62 67 Remotely . | . . . . . Salvage Created 910 | . 207 285 181 237 Parts 69 | . 14 15 19 21 Haulers Intercepted 1 | . . . 1 . Recyclers Shooed . | . . . . . Parts Field Recycled . | . . . . . Retrieved Matter . | . . . . . Parts Self-Destructed . | . . . . . Prevented . | . . . . . Parts Restored . | . . . . . Kills | -11 -10 -9 -8 -8 ------- Run | Yrd Mat Mat Mat Sto Combat Hostiles Destroyed 25 | . 5 7 6 7 Melee 3 | . . 1 1 1 Guns 7 | . 4 . . 3 Cannons 4 | . . 1 . 3 AOE 7 | . 1 2 4 . Classes Destroyed 10 | . 3 2 3 2 Worker 1 | . . . 1 . Builder 1 | . . . . 1 Hauler 1 | . . . 1 . Recycler 1 | . 1 . . . Operator 1 | . . . 1 . Watcher 1 | . . 1 . . Swarmer 10 | . 3 . 4 3 Grunt 10 | . 2 5 1 2 Sentry 4 | . . 2 1 1 Hunter 1 | . . . . 1 Best Kill Streak 5 | . 4 4 5 3 Combat Bots Only 4 | . 4 4 3 3 Max Kills in Single Turn 3 | . 1 1 3 1 Gunslinging . | . . . . . Exploded 2 | . 1 1 2 . Melee 1 | . . 1 1 1 Uniques/NPCs Destroyed . | . . . . . Combat | -11 -10 -9 -8 -8 -------- Run | Yrd Mat Mat Mat Sto Hostile Shots Fired 287 | . 8 40 59 180 Missed 66 | . 4 7 12 43 Hits 221 | . 4 33 47 137 Projectile 221 | . 4 33 47 137 Critical Strikes 8 | . . 2 1 5 Damage Taken 3080 | . 60 429 776 1815 Core 695 | . 20 117 152 406 Absorbed by Shields . | . . . . . Redirected to Shielding 3 | . 3 . . . Ignored by Resistances 53 | . . 33 20 . Core Remaining (%) 87 | 100 92 70 . . Volleys Fired 62 | . 12 7 9 34 Largest 3 | . 2 2 2 3 Hottest 150 | . 86 90 90 150 Shots Fired 87 | . 19 14 13 41 Gun 46 | . 12 . 5 29 Cannon 22 | . . 7 3 12 Launcher 19 | . 7 7 5 . Special . | . . . . . Kinetic 39 | . . . 5 34 Thermal 21 | . 5 7 3 6 Explosive 19 | . 7 7 5 . Electromagnetic 8 | . 7 . . 1 Robot Hit Streak 20 | . 4 3 3 20 Robot Miss Streak 3 | . 1 1 3 3 Penetration Max . | . . . . . Secondary Targets . | . . . . . Shots Hit Robots 59 | . 8 12 11 28 Core Hits 50 | . 8 9 16 17 Critical Kills . | . . . . . Critical Parts Destroyed 3 | . . 2 1 . Critical Strikes 3 | . . 2 1 . Smash 3 | . . 2 1 . Melee Attacks 23 | . . 9 14 . Impact 23 | . . 9 14 . Slashing . | . . . . . Piercing . | . . . . . Sneak Attacks . | . . . . . Combat Hostiles . | . . . . . Follow-up Attacks . | . . . . . Damage Inflicted 1946 | . 171 601 608 566 Guns 423 | . 60 . 15 348 Cannons 264 | . . 54 18 192 Explosions 681 | . 111 300 270 . Melee 552 | . . 247 305 . Ramming 26 | . . . . 26 Kinetic 462 | . . . 15 447 Thermal 162 | . 15 54 18 75 Explosive 525 | . 111 300 114 . Electromagnetic 219 | . 45 . 156 18 Impact 552 | . . 247 305 . Slashing . | . . . . . Piercing . | . . . . . Highest Corruption 10 | . . . 5 10 Average Corruption 5 | . . . 5 5 Corruption Purged . | . . . . . Corruption Blocked . | . . . . . Effects 19 | . . . 6 13 Message Errors 7 | . . . 2 5 Matter Fused 3 | . . . 2 1 Heat Flow Errors 2 | . . . . 2 Energy Discharges 2 | . . . . 2 Data Loss (minor) 4 | . . . 1 3 Data Loss (major) 1 | . . . 1 . Overload Shots . | . . . . . Overflow Damage 199 | . 10 85 104 . Projectiles . | . . . . . Explosions 20 | . 10 . 10 . Melee 179 | . . 85 94 . Knockbacks 5 | . . 2 . 3 Impact 2 | . . 2 . . Kinetic 2 | . . . . 2 Secondary 1 | . . . . 1 Self-Inflicted Damage 100 | . 21 15 64 . Shots 5 | . 1 1 3 . Rammed 6 | . . . . 6 Targets Rammed 7 | . . . . 7 Kicked . | . . . . . Crushed 1 | . . . . 1 Highest Temperature 232 | . 96 150 72 232 Average Temperature 47 | . 33 58 26 52 Received Heat Transfer 1008 | . 12 231 117 648 Siege Activations . | . . . . . Martial Activations . | . . . . . Shielding Activations . | . . . . . Robots Disrupted . | . . . . . Combat Hostiles . | . . . . . Robots Corrupted 4 | . . 3 1 . Combat Hostiles 4 | . . 3 1 . Parts Fried 5 | . . 3 2 . Impact Corruptions 6 | . . 3 3 . Robots Melted . | . . . . . Combat Hostiles . | . . . . . Parts Melted 1 | . . . . 1 Heat Transferred 296 | . 37 111 37 111 Parts Sabotaged . | . . . . . Parts Stolen . | . . . . . Parts Stripped . | . . . . . Power Chain Reactions . | . . . . . Alert | -11 -10 -9 -8 -8 ------- Run | Yrd Mat Mat Mat Sto Maximum Alert Level . | . . . . . Low Security (%) 100 | 100 100 100 100 100 Level 1 . | . . . . . Level 2 . | . . . . . Level 3 . | . . . . . Level 4 . | . . . . . Level 5 . | . . . . . High Security . | . . . . . Max Security . | . . . . . Peak Influence 108 | . 96 105 108 60 Initial 40 | . . 27 40 37 Average 36 | . 48 51 46 15 Influence Increases 859 | . 167 250 254 188 Destroy 0b10 Robot/C 500 | . 100 140 120 140 Destroy 0b10 Robot/NC 30 | . 5 5 15 5 Destroy Leader 124 | . 20 32 32 40 Successful Hack 7 | . 2 . 5 . Disable Machine 60 | . . 15 45 . Destroy Structure 123 | . 40 58 22 3 Lose Combat Pursuer 15 | . . . 15 . Influence Decreases 841 | . 102 219 261 259 Entered New Map 146 | . . 38 56 52 Time Decay 585 | . 102 181 155 147 Lost Part 110 | . . . 50 60 Squads Dispatched 6 | . 1 2 2 1 Investigation 3 | . . 1 1 1 Extermination . | . . . . . Reinforcement 2 | . 1 1 . . Assault . | . . . . . Garrison 1 | . . . 1 . Intercept . | . . . . . Searches Triggered . | . . . . . Construction Impeded . | . . . . . Haulers Reinforced . | . . . . . Active Scanning Responses . | . . . . . Cargo Convoy Interrupts . | . . . . . Stealth | -11 -10 -9 -8 -8 --------- Run | Yrd Mat Mat Mat Sto Distress Signals 3 | . 2 1 . . Communications Jammed . | . . . . . Distress Signals . | . . . . . Times Spotted 45 | . 8 12 11 14 Peak Tracking Total 8 | . 4 4 4 8 Tactical Retreats 1 | . . . 1 . Traps | -11 -10 -9 -8 -8 ------- Run | Yrd Mat Mat Mat Sto Traps Triggered 2 | . . 1 . 1 Indirectly . | . . . . . Trap Hack Attempts . | . . . . . Triggered . | . . . . . Disarmed . | . . . . . Reprogrammed . | . . . . . Reused . | . . . . . Traps Extracted . | . . . . . Installed . | . . . . . Triggered . | . . . . . Machines | -11 -10 -9 -8 -8 ---------- Run | Yrd Mat Mat Mat Sto Machines Disabled 4 | . . 1 3 . Max in Single Turn 2 | . . 1 2 . Machines Repaired . | . . . . . Machines Dismantled . | . . . . . Machines Sabotaged . | . . . . . Overloaded Fab Kills . | . . . . . Hacking | -11 -10 -9 -8 -8 --------- Run | Yrd Mat Mat Mat Sto Machines Accessed 7 | . 1 2 2 2 Terminals 6 | . 1 1 2 2 Fabricators . | . . . . . Repair Stations . | . . . . . Recycling Units . | . . . . . Scanalyzers 1 | . . 1 . . Garrison Access . | . . . . . Total Hacks 17 | . 3 6 4 4 Successful 10 | . 3 4 1 2 Failed 7 | . . 2 3 2 Catastrophic . | . . . . . Database Lockouts . | . . . . . Manual . | . . . . . Terminals 15 | . 3 4 4 4 Fabricators . | . . . . . Repair Stations . | . . . . . Recycling Units . | . . . . . Scanalyzers 2 | . . 2 . . Garrison Access . | . . . . . Terminal Hacks 8 | . 3 2 1 2 Record 3 | . 3 . . . Open Door 1 | . . . . 1 Terminal Index 1 | . . 1 . . Dispatch Records 1 | . . 1 . . Zone Layout 2 | . . . 1 1 Fabricator Hacks . | . . . . . Repair Station Hacks . | . . . . . Recycling Unit Hacks . | . . . . . Scanalyzer 2 | . . 2 . . Insert Component 1 | . . 1 . . Analyze 1 | . . 1 . . Garrison Access Hacks . | . . . . . Unauthorized Hacks . | . . . . . Terminals . | . . . . . Fabricators . | . . . . . Repair Stations . | . . . . . Recycling Units . | . . . . . Scanalyzers . | . . . . . Garrison Access . | . . . . . Data Cores Recovered 1 | . . . 1 . Used 1 | . . . 1 . Hacking Detections 5 | . . 2 2 1 Full Trace Events 2 | . . . 1 1 Feedback Events . | . . . . . Feedback Blocked . | . . . . . Robot Schematics Acquired . | . . . . . Robots Built . | . . . . . Authchips . | . . . . . Time . | . . . . . Total Robot Build Rating . | . . . . . Part Schematics Acquired 1 | . . 1 . . Parts Built . | . . . . . Authchips . | . . . . . Time . | . . . . . Total Part Build Rating . | . . . . . Part Studies Acquired . | . . . . . Parts Repaired . | . . . . . Time . | . . . . . Parts Recycled . | . . . . . Recycled Matter . | . . . . . Retrieved Matter . | . . . . . Retrieved Components . | . . . . . Parts Scanalyzed 1 | . . 1 . . Part Schematics Acquired 1 | . . 1 . . Parts Damaged . | . . . . . Bothacking | -11 -10 -9 -8 -8 ------------ Run | Yrd Mat Mat Mat Sto Used RIF Installer . | . . . . . Robots Hacked . | . . . . . Non-combat . | . . . . . Combat . | . . . . . Robot Hacks Applied . | . . . . . Relay Couplers Released . | . . . . . Fabnet Peak Effective % . | . . . . . Robots Rewired . | . . . . . Allies Hacked . | . . . . . Hacks Repelled . | . . . . . Allies | -11 -10 -9 -8 -8 -------- Run | Yrd Mat Mat Mat Sto Total Allies . | . . . . . Largest Group . | . . . . . Highest-Rated Group . | . . . . . Highest-Rated Ally . | . . . . . Total Orders . | . . . . . Ally Attacks . | . . . . . Total Damage . | . . . . . Kills . | . . . . . Allies Corrupted . | . . . . . Allies Melted . | . . . . . Intel | -11 -10 -9 -8 -8 ------- Run | Yrd Mat Mat Mat Sto Active Infowar (turns) 549 | . . . 324 225 Sensors 324 | . . . 324 . Traps 225 | . . . . 225 Robot Analysis Total . | . . . . . Derelict Logs Recovered . | . . . . . Drone Launches . | . . . . . Drone Recoveries . | . . . . . Exploration | -11 -10 -9 -8 -8 ------------- Run | Yrd Mat Mat Mat Sto Turns Passed 1673 | 61 279 442 350 541 Spaces Moved 697 | 46 214 199 100 138 Core 7 | 6 . . . 1 Treads 472 | . 36 199 100 137 Legs 11 | 11 . . . . Wheels 207 | 29 178 . . . Hover . | . . . . . Flight . | . . . . . Fastest Speed 50 | 50 90 145 145 225 Average Speed 176 | 91 101 157 222 315 Slowest Speed 1650 | 120 160 160 305 1650 Overloaded Moves . | . . . . . Propulsion Burnouts . | . . . . . Robots Hopped . | . . . . . Potential Cave-ins . | . . . . . Cave-ins Triggered 1 | . . . 1 . Exploration Rate (%) 19 | 3 33 23 14 26 Regions Visited 4 Branch Regions 1 Pre-discovered Areas . | . . . . . Known Exits Taken 1 | . . . 1 . Unknown Exits Taken 3 | 1 1 1 . . Scrap Searched . | . . . . . Spaces Dug 20 | . 4 . 16 . Terrain Destroyed 131 | . 34 67 29 1 Melee 1 | . . . 1 . Projectile 1 | . . . . 1 AOE 129 | . 34 67 28 . Terrain Rammed . | . . . . . Walls Destroyed . | . . . . . Machines Disabled . | . . . . . Actions | -11 -10 -9 -8 -8 --------- Run | Yrd Mat Mat Mat Sto Total 1016 | 63 258 301 193 201 Wait 142 | . 15 62 57 8 Move 693 | 45 213 198 99 138 Hop . | . . . . . Pick Up 32 | 9 6 9 6 2 Fast Attach 10 | 3 2 3 1 1 Attach 24 | 4 4 2 5 9 Detach 2 | 1 1 . . . Swap 2 | 1 . 1 . . Drop 17 | . 5 10 2 . Fire 62 | . 12 7 9 34 Melee 23 | . . 9 14 . Ram . | . . . . . Kick . | . . . . . Crush 7 | . . . . 7 Escape Stasis 2 | . . . . 2 Rewire . | . . . . . Trap . | . . . . . Miscellaneous . | . . . . . Route ------- -11/Scrapyard -10/Materials -9/Materials -8/Materials -8/Storage History --------- Turn | Location | Event 21 | -11/Scrapyard | Discovered new exit (range 13) 62 | -11/Scrapyard | Entered Materials 286 | -10/Materials | Discovered new exit (range 13) 310 | -10/Materials | Build established: Mutant 341 | -10/Materials | Entered another Materials area 341 | -9/Materials | Evolved 2 slots: Utility x1, Weapon x1 688 | -9/Materials | Discovered new exit (range 9) 783 | -9/Materials | Entered another Materials area 783 | -8/Materials | Evolved 2 slots: Utility x2 859 | -8/Materials | Crushed by falling debris 913 | -8/Materials | Lost 3 parts (1p1u1w) 1089 | -8/Materials | Discovered new exit (range 8) 1116 | -8/Materials | Garrison activated, responded to threat 1130 | -8/Materials | Identified exit to Storage 1133 | -8/Materials | Entered Storage 1602 | -8/Storage | Core integrity fell below 50% 1620 | -8/Storage | Core integrity fell below 20% 1658 | -8/Storage | System corruption reached 10% 1674 | -8/Storage | Destroyed by Y-45 Defender with Heavy Assault Rifle Last Messages --------------- 01644_ Wall collapses. 01644_ K-01 Serf collects debris. 01646_ Slug penetrates Heavy Doors. 01656_ Minigun destroyed. 01657_ Faulty integration triggers system corruption (+5). 01658_ Slammed into Y-45 Defender. [Achievement: For Emergencies Only] 01660_ Slammed into Y-45 Defender. 01660_ Critical hit (Burn: +37). 01662_ Slammed into Y-45 Defender. 01662_ Penetrated by Slug. 01664_ Crushed H-55 Commando. 01664_ H-55 Commando destroyed. [Achievement: Hammer Time] 01664_ K-01 Serf collects debris. 01668_ Critical hit (Burn: +37). 01669_ Slammed into Y-45 Defender. 01672_ Adv. Treads destroyed. 01673_ Slammed into Y-45 Defender. Map ----- +----------------------------------------------------+ | | | | | | | | | ?????????????????????????????? | | ?????????????????????????????? | | ?????????????????????????????? | | ?????????????????????????????? | | ?????????????????????????????? | | ?????????????????????????????? | | ?????????????????????????????? | | ????????????????###??????????? | | ??????????????# ??????????? | | ??????????????? ??????????? | | ??????????????? ??????????? | | ??????????????? ??????????? | | ??????????????? ??????????? | | ???????????????# ??????????? | | ???????????????# #?????????? | | ???????????????# #?????????? | | ???????????????# #?????????? | | ???????????????# #??######?? | | ???????????????# %=#### !!!#?? | | ???????????????# [%##!# Y!!#?? | | ???????????????# *!#|="[Y #?? | | ???????????????# %%+!!*[ @!#?? | | ???????????????# *=#=!"* Y!#?? | | ???????????????# #=%# !!#?? | | ???????????????# #########?? | | ?????????####### #?##??????? | | ?????????# #^^ #?????????? | | ?????????# # ####??????? | | ?????????# # #??????? | | ?????????# # #??????? | | ?????????# # ####???? | | ?????????# # ##T####? | | ?????##### # ## ==#? | | ?????# + + + ==#? | | ?????# ### #### #### ==#? | | ########## #??# #??######? | | ## #??# #?######## | | ## #??# #?# # | | #####+##### ### # | | # # # | | """""" + + # | | ??????" # # # | | ??????" # ######### =# # | | """""" # #???????# *[+ # | | # #???????# =# # | | #########+#########*= # # | +----------------------------------------------------+ Best States ------------- Heat Dissipation 31 Energy Generation 14 Energy Capacity 250 Matter Stores 300 Matter Capacity 300 Sight Range 16 Robot Scan Range 14 Terrain Scan Density 10 Armor Coverage 150 Resistance: TH 10 Propulsion Shielding 33 Evasion (%) 55 Targeting Accuracy 11 Recoil Reduction 2 Item Schematics ----------------- Lgt. Assault Rifle | -9/Materials | Scanalyzed Robot Schematics ------------------ None Fabricated ------------ Nothing Repaired ---------- Nothing Studied --------- None Alien Tech Used ----------------- None Achievements -------------- Bumper Bots DATA ERROR: Steam Global Achievement% For Emergencies Only Hammer Time Hydra Overwhelming There's More Where That Came From Challenges ------------ None Game ------ Seed CommSpliceAccelerator Manual? 0 Play Time 00:39:22 Cumulative 12.1 hours Start 2026.01.06 @ 15:02:26 End 2026.01.06 @ 15:46:46 Sessions 1 Manual Loads 0 Difficulty Rogue Special Mode None Game No. 16 Rogue 16 Adventurer 0 Explorer 0 Win Type - Total 0 Types 0/0/0/0/0/0/0/0/0/0 Lore% 6 Gallery% 14 Achievement% 9 Wizard Run 0 Options --------- Layout 1 ASCII 0 Keyboard 0 Movement Mouse Keybinds 0 Fullscreen 1 Font 24/Smallcaps Map View 50x35 Zoom Use 0% Tactical HUD 1 Map Filters NONE Filters NONE Steam 1 RUN: bd487547-d46d-4e68-ad59-ecd222609419